Map: 큐리어스 마인즈 - 래더

Players

Prince

  • Race: Protoss Protoss
  • League: Grandmaster

Bunny - Winner!

  • Race: Terran Terran

Event: DreamHack SC2 Masters Last Chance 2022

VOD

Have the link to the VOD?

Description

Time

  • Played on: Dec. 15, 2021, 5:25 a.m.
  • Length: 6:37

All games in this series

Show
View Real Time Build Order
Export as new Build Order

Prince Protoss 

Build Orders: Phoenix Opening, Proxy Void Ray 

Get SALT Encoding   

  12  0:00  Probe  
  13  0:12  Probe  
  14  0:18  Pylon  
  14  0:24  Probe  
  15  0:37  Gateway  
  15  0:41  Probe  
  16  0:49  Assimilator  
  16  0:53  Probe  
  16  1:06  Probe  
  16  1:07  Assimilator  
  17  1:18  Probe  
  18  1:24  Cybernetics Core  
  18  1:27  Zealot  
  18  1:30  Probe  
  21  1:38  Pylon  
  21  1:42  Probe  
  22  1:54  Probe  
  22  2:00  Adept (Chrono Boost), Stargate  
  23  2:06  Probe  
  26  2:25  Shield Battery  
  26  2:33  Probe  
  26  2:35  Pylon  
  26  2:36  Void Ray (Chrono Boost)  
  27  2:50  Warp Gate  
  29  2:54  Shield Battery  
  29  2:56  Shield Battery  
  29  3:03  Void Ray (Chrono Boost)  
  33  3:32  Gateway  
  33  3:35  Phoenix (Chrono Boost)  
  35  3:55  Phoenix  
  33  4:06  Pylon  
  33  4:12  Probe  
  34  4:28  Probe  
  34  4:31  Nexus  
  35  4:34  Phoenix (Chrono Boost)  
  37  4:43  Stalker  
  37  4:44  Stalker  
  40  5:00  Phoenix  
  40  5:02  Probe  
  43  5:07  Sentry  
  43  5:09  Stalker  
  47  5:24  Pylon  
  47  5:25  Probe  
  44  5:33  Stalker  
  46  5:43  Stalker, Probe (Chrono Boost)  
  46  5:48  Probe (Chrono Boost)  
  38  5:55  Probe (Chrono Boost)  
  30  5:58  Probe (Chrono Boost)  
  30  5:59  Probe (Chrono Boost)  
  30  6:11  Stalker  
  30  6:13  Probe x2  
Show
View Real Time Build Order
Export as new Build Order

Bunny Terran - Winner!

Build Orders: Cyclone Opening 

Get SALT Encoding   

  12  0:00  SCV  
  13  0:12  SCV  
  14  0:17  Supply Depot  
  14  0:24  SCV  
  15  0:38  SCV  
  16  0:43  Barracks  
  16  0:47  Refinery  
  16  0:50  SCV  
  17  1:02  SCV  
  18  1:15  SCV  
  18  1:16  Refinery  
  19  1:29  Marine  
  19  1:30  Orbital Command  
  19  1:31  Supply Depot  
  20  1:46  Factory  
  20  1:47  Marine  
  21  1:56  SCV  
  22  2:05  Marine  
  24  2:08  SCV  
  24  2:14  Supply Depot  
  24  2:20  SCV  
  25  2:23  Marine  
  25  2:29  Bunker  
  26  2:32  Factory Tech Lab  
  26  2:35  Starport, SCV  
  27  2:41  Marine  
  28  2:50  Cyclone  
  31  2:59  Bunker, Marine  
  31  3:00  Mag-Field Accelerator  
  32  3:07  Supply Depot  
  30  3:22  Viking  
  32  3:27  Marine  
  33  3:34  Cyclone  
  36  3:45  Marine  
  37  3:52  Viking  
  35  4:03  Marine  
  35  4:06  Cyclone  
  39  4:14  SCV  
  40  4:17  Supply Depot  
  40  4:21  Marine  
  41  4:28  Viking  
  43  4:46  Cyclone  
  46  4:58  Viking  
  47  5:02  SCV  
  47  5:05  Marine  
  49  5:07  Supply Depot  
  49  5:21  Siege Tank  
  52  5:29  Marine  
  52  5:32  Viking  
  55  5:41  Command Center  
  51  5:59  Cyclone  
  51  6:00  Marine  
  51  6:03  SCV  
  54  6:12  Barracks  
  54  6:19  Barracks  
  54  6:23  Barracks Reactor  

Tags
 
Add a new tag
Caveats
  • Supply blocks, unpowered buildings, or Contaminate may cause inaccurate times.
  • Supply counts are checked every 10 seconds.